 Dungeon Crawl Stone Soup version 0.23-a0-402-g64599a1 (webtiles) character file.

18639 JeffiDaFish the Fighter (level 12, -4/102 HPs)
             Began as a Demonspawn Fighter on Nov 4, 2018.
             Was a High Priest of Makhleb.
             Killed from afar by an ice statue (35 damage)
             ... with a bolt of cold
             ... in an ice cave.
             The game lasted 00:33:37 (10672 turns).

JeffiDaFish the Fighter (Demonspawn Fighter)       Turns: 10672, Time: 00:33:37

Health: -4/102     AC: 20    Str: 26    XL:     12   Next: 29%
Magic:  13/13      EV: 12    Int: 12    God:    Makhleb [*****.]
Gold:   650        SH: 12    Dex: 15    Spells: 11/11 levels left

rFire    + . .     SeeInvis .   k - +9 long sword "Impslayer" {flame, rPois Str+3}
rCold    . . .     Gourm    .   c - +0 shield
rNeg     . . .     Faith    .   n - +5 scale mail
rPois    +         Spirit   .   i - +0 helmet
rElec    .         Reflect  .   g - +0 cloak
rCorr    .         Harm     .   (gloves unavailable)
MR       .....                  A - +0 pair of boots
Stlth    +.........             u - amulet of the acrobat
HPRegen  0.27/turn              h - ring "Banur" {+Blink EV+4}
MPRegen  0.13/turn              a - ring "Saifin" {+Fly Int+2 Stlth+}

@: no status effects
A: claws 3, fangs 1, molten scales 2, agile 1, fire resistance 1, high mp 1,
powered by death 2, strong 1
a: Minor Destruction, Lesser Servant of Makhleb, Major Destruction, Greater
Servant of Makhleb, Renounce Religion, Evoke Blink, Evoke Flight


You were in an ice cave.
You worshipped Makhleb.
Makhleb was extremely pleased with you.
You were near starving.

You visited 3 branches of the dungeon, and saw 13 of its levels.
You also visited: Ossuary, Bailey and Ice Cave.

You collected 650 gold pieces.

Inventory:

Hand Weapons
 k - the +9 long sword "Impslayer" (weapon) {flame, rPois Str+3}
   (You found it in a bailey)

   It has been specially enchanted to burn those struck by it, causing extra
   injury to most foes and up to half again as much damage against particularly
   susceptible opponents.
   Big, fiery blades are also staple armaments of hydra-hunters.
   It affects your strength (+3).
   It protects you from poison.
 x - a +4 scimitar of flaming
Armour
 c - a +0 shield (worn)
 g - a +0 cloak (worn)
 i - a +0 helmet (worn)
 n - a +5 scale mail (worn)
 z - a +1 hat
 A - a +0 pair of boots (worn)
 H - a scarf of resistance
 J - a +1 buckler of poison resistance
Jewellery
 a - the ring "Saifin" (right claw) {+Fly Int+2 Stlth+}
   (You found it in a bailey)

   [ring of flight]

   It affects your intelligence (+2).
   It lets you fly.
   It makes you more stealthy.
 h - the ring "Banur" (left claw) {+Blink EV+4}
   (You found it on level 6 of the Dungeon)

   [ring of evasion]

   It affects your evasion (+4).
   It lets you blink.
 m - an uncursed ring of protection from magic
 u - an amulet of the acrobat (around neck)
 E - an uncursed ring of stealth
Wands
 o - a wand of enslavement (6)
 s - a wand of disintegration (21)
 F - a wand of iceblast (23)
 G - a wand of clouds (3)
Scrolls
 b - 2 scrolls of fog
 l - 5 scrolls of amnesia
 t - a scroll of fear
 v - 4 scrolls of teleportation
 y - 5 scrolls of remove curse
 C - 2 scrolls of magic mapping
 D - a scroll of blinking
 I - 2 scrolls of identify
Potions
 d - a potion of might
 e - 4 potions of mutation
 j - a potion of ambrosia
 p - 2 potions of resistance
 q - a potion of curing
 r - 5 potions of brilliance
 w - 3 potions of heal wounds
Comestibles
 f - 28 rations


   Skills:
 * Level 12.1 Fighting
 * Level 11.0 Long Blades
 + Level 8.1 Armour
 + Level 8.2 Shields


You had 11 spell levels left.
You didn't know any spells.
Your spell library contained the following spells:

 Spells                   Type           Power        Failure   Level  Hunger
 Flame Tongue             Conj/Fire      #....        86%         1    ##.....
 Summon Small Mammal      Summ           #...         86%         1    ##.....
 Call Imp                 Summ           #.......     94%         2    ###....
 Ensorcelled Hibernation  Hex/Ice        #.....       94%         2    ###....
 Throw Flame              Conj/Fire      #.....       94%         2    ###....
 Call Canine Familiar     Summ           #.......     99%         3    ####...
 Conjure Flame            Conj/Fire      #.......     99%         3    ####...
 Inner Flame              Hex/Fire       #.......     99%         3    ####...
 Summon Guardian Golem    Hex/Summ       #.......     99%         3    ####...
 Sticky Flame             Conj/Fire      #.......     100%        4    #####..
 Summon Ice Beast         Ice/Summ       #.......     100%        4    #####..
 Summon Lightning Spire   Summ/Air       #.......     100%        4    #####..
 Borgnjor's Vile Clutch   Necr/Erth      #.........   100%        5    ######.
 Fireball                 Conj/Fire      #.........   100%        5    ######.
 Silence                  Hex/Air        #.........   100%        5    ######.
 Darkness                 Hex            #.........   100%        6    #######
 Shadow Creatures         Summ           N/A          100%        6    #######


Dungeon Overview and Level Annotations

Branches:
Dungeon (11/15)            Temple (1/1) D:4            Lair (1/6) D:11
    Orc: D:9-12

Altars:
Ashenzari
Cheibriados
Dithmenos
Elyvilon
Gozag
Hepliaklqana
Kikubaaqudgha
Makhleb
Nemelex Xobeh
Okawaru
Qazlal
Ru
Sif Muna
Uskayaw
Vehumet
Wu Jian
Yredelemnul
The Shining One

Shops:
D:8 (   D:10 :

Annotations:
IceCv exclusion: ice statue


Innate Abilities, Weirdness & Mutations

You have claws for hands.
You are mostly covered in molten scales. (AC +3)
Your flesh is heat resistant. (rF+)
You regenerate health from kills.
You have very sharp teeth.
You are agile. (Dex +2)
You have an increased reservoir of magic. (+10% MP)
Your muscles are strong. (Str +2)


Message History

The ice beast misses you.
You riposte.
You slash the ice beast!
You melt the ice beast!
You bite the ice beast.
The ice beast is almost dead.
You hit the ice statue but do no damage.
You bite the ice statue.
The ice statue is lightly damaged.
The ice statue gestures.
The ice beast hits you but does no damage.
The ice beast closely misses you.
You slash the ice statue!
You melt the ice statue.
The ice statue is heavily damaged.
The ice statue glitters chillingly in the dim dungeon light.
The ice beast hits you but does no damage.
You block the ice beast's attack.
You hit the ice statue.
You melt the ice statue.
The ice statue is heavily damaged.
The ice beast closely misses you. The ice statue gestures at you.
The bolt of cold hits you!
You die...

#.'.......'.#
###.8...8.###
#.'.......'.#
###.8...8.###
#.'.......'.#
###.8...8.###
#.'.......'.#
######'######+#
.........Y@Y...#
###8.#####Y8####
## #.## #.# #.#
#.# ..# ###


You could see an ice statue and 3 ice beasts.

Vanquished Creatures
  Gastronok (D:8)
  Erica (D:8)
  3 death yaks (D:11)
  2 unseen horrors (D:11)
  An orc knight (Bailey)
  Pikel (D:6)
  An ugly thing (D:11)
  2 ice statues (IceCv)
  4 ice devils (IceCv)
  A hornet (D:8)
  2 hippogriffs
  Sigmund (D:3)
  18 yaks
  A wyvern (D:11)
  A basilisk (Lair:1)
  A hungry ghost (D:10)
  4 vampire mosquitoes
  Menkaure (Ossuary)
  2 soldier ants
  3 water moccasins
  2 porcupines (Lair:1)
  A hornet zombie (D:9)
  2 sky beasts
  11 orc warriors
  4 ice beasts
  A black bear (D:7)
  2 phantoms
  2 centaurs
  4 ogres
  A crocodile (Lair:1)
  Blork the orc (D:6)
  2 big kobolds (D:9)
  4 bullfrogs
  A gnoll sergeant (D:9)
  A wyvern skeleton (D:7)
  A scorpion (D:6)
  A water moccasin zombie (D:8)
  9 killer bees
  5 wights (D:10)
  6 howler monkeys
  2 jellies (D:8)
  A crimson imp (D:11)
  2 bullfrog zombies
  A draconian simulacrum (IceCv)
  A centaur zombie (D:7)
  6 orc priests
  A gnoll shaman (D:10)
  5 hounds
  11 orc wizards
  Terence (D:2)
  2 troll simulacra (IceCv)
  4 worker ants
  3 spriggan simulacra (IceCv)
  2 centaur simulacra (IceCv)
  2 hound zombies
  3 mummies (Ossuary)
  A howler monkey zombie (D:6)
  A worker ant zombie (D:5)
  Robin (D:3)
  18 gnolls
  2 howler monkey skeletons
  5 adders
  2 naga simulacra (IceCv)
  A shadow imp (D:9)
  12 white imps (Lair:1)
  2 oozes (D:4)
  2 adder zombies (D:5)
  2 adder skeletons
  2 worms
  28 orcs
  2 ball pythons
  5 giant cockroaches
  23 goblins
  11 hobgoblins
  4 jackals (D:1)
  2 quokkas
  4 bats
  4 frilled lizards
  3 gnoll skeletons (Ossuary)
  2 gnoll zombies (Ossuary)
  3 goblin skeletons (Ossuary)
  6 goblin zombies (Ossuary)
  3 hobgoblin skeletons (Ossuary)
  A hobgoblin zombie (Ossuary)
  23 kobolds
  A kobold skeleton (Ossuary)
  5 kobold zombies (Ossuary)
  A leopard gecko zombie (D:9)
  3 orc skeletons (Ossuary)
  An orc zombie (Ossuary)
  3 rats
  2 rat skeletons (Ossuary)
  3 rat zombies
353 creatures vanquished.

Vanquished Creatures (collateral kills)
  A phantom (D:6)
  An orc (D:6)
2 creatures vanquished.

Vanquished Creatures (others)
  An orc (D:3)
  A gnoll zombie (Ossuary)
  3 gnoll skeletons (Ossuary)
  A goblin skeleton (Ossuary)
  A goblin zombie (Ossuary)
  2 kobold skeletons (Ossuary)
  2 kobold zombies (Ossuary)
  3 orc skeletons (Ossuary)
  3 orc zombies (Ossuary)
  A rat skeleton (Ossuary)
  2 rat zombies (Ossuary)
20 creatures vanquished.

Grand Total: 375 creatures vanquished

Notes
Turn   | Place    | Note
-------+----------+-------------------------------------------
     0 | D:1      | JeffiDaFish the Demonspawn Fighter began the quest for the
                  | Orb.
     0 | D:1      | Reached XP level 1. HP: 18/18 MP: 1/1
   150 | D:1      | Gained mutation: You have very sharp teeth. [potion of
                  | mutation]
   150 | D:1      | Gained mutation: You are agile. (Dex +2) [potion of
                  | mutation]
   150 | D:1      | Gained mutation: Your muscles are strong. (Str +2) [potion
                  | of mutation]
   150 | D:1      | Gained mutation: You have an increased reservoir of magic.
                  | (+10% MP) [potion of mutation]
   203 | D:1      | Gained mutation: You have sharp fingernails. [demonic
                  | ancestry]
   203 | D:1      | Reached XP level 2. HP: 17/24 MP: 2/2
   799 | D:2      | Noticed Terence
   801 | D:2      | Reached XP level 3. HP: 29/29 MP: 3/3
   807 | D:2      | Killed Terence
  1266 | D:3      | Found a shattered altar of Ashenzari.
  1309 | D:3      | Found a snail-covered altar of Cheibriados.
  1330 | D:3      | Gained mutation: Your flesh is heat resistant. (rF+)
                  | [demonic ancestry]
  1330 | D:3      | Reached XP level 4. HP: 32/37 MP: 4/4
  1331 | D:3      | Noticed Sigmund
  1347 | D:3      | Killed Sigmund
  1347 | D:3      | Reached skill level 4 in Fighting
  1347 | D:3      | Gained mutation: You have very sharp fingernails. [demonic
                  | ancestry]
  1347 | D:3      | Reached XP level 5. HP: 17/43 MP: 5/5
  1704 | D:3      | Gained mutation: You regenerate a little health from kills.
                  | [demonic ancestry]
  1704 | D:3      | Reached XP level 6. HP: 47/49 MP: 6/6
  1734 | D:3      | Noticed Robin
  1744 | D:3      | Killed Robin
  2486 | D:4      | Found a staircase to the Ecumenical Temple.
  2515 | D:4      | Reached skill level 5 in Fighting
  2539 | Temple   | Entered the Ecumenical Temple
  2588 | Temple   | Became a worshipper of Makhleb the Destroyer
  2780 | D:4      | Found a sand-covered staircase.
  2795 | Ossuary  | Entered an ossuary
  2934 | Ossuary  | Reached * piety under Makhleb
  3043 | Ossuary  | Noticed Menkaure
  3051 | Ossuary  | Killed Menkaure
  3051 | Ossuary  | Reached XP level 7. HP: 44/56 MP: 7/7
  3566 | D:5      | Entered Level 5 of the Dungeon
  4009 | D:5      | Found a shadowy altar of Dithmenos.
  4260 | D:6      | Noticed Blork the orc
  4276 | D:6      | Reached skill level 5 in Long Blades
  4295 | D:6      | Killed Blork the orc
  4295 | D:6      | Reached skill level 6 in Fighting
  4308 | D:6      | Gained mutation: You are partially covered in molten
                  | scales. (AC +2) [demonic ancestry]
  4308 | D:6      | Reached XP level 8. HP: 16/64 MP: 8/8
  4639 | D:6      | Got a smoking golden ring
  4647 | D:6      | Identified the ring "Banur" {+Blink EV+4} (You found it on
                  | level 6 of the Dungeon)
  4675 | D:6      | Reached ** piety under Makhleb
  4697 | D:6      | Noticed Pikel
  4733 | D:6      | Killed Pikel
  4733 | D:6      | Reached skill level 7 in Fighting
  4981 | D:6      | Reached skill level 5 in Armour
  4981 | D:6      | Reached skill level 5 in Shields
  5070 | D:6      | Gained mutation: You regenerate health from kills. [demonic
                  | ancestry]
  5070 | D:6      | Reached XP level 9. HP: 69/72 MP: 9/9
  5646 | D:7      | Reached skill level 8 in Fighting
  5863 | D:7      | Found a sacrificial altar of Ru.
  6073 | D:7      | Found an ornate altar of the Wu Jian Council.
  6077 | D:7      | Found an iron altar of Okawaru.
  6082 | D:7      | Found a radiant altar of Vehumet.
  6304 | D:8      | Reached *** piety under Makhleb
  6331 | D:8      | Noticed Erica
  6370 | D:8      | Killed Erica
  6370 | D:8      | Reached skill level 9 in Fighting
  6370 | D:8      | Gained mutation: You are mostly covered in molten scales.
                  | (AC +3) [demonic ancestry]
  6370 | D:8      | Reached XP level 10. HP: 44/83 MP: 11/11
  6563 | D:8      | Found Vaohid's Antique Weapon Shop.
  6616 | D:8      | Found a flagged portal.
  6650 | Bailey   | Entered a bailey
  6665 | Bailey   | Noticed an orc knight
  6669 | Bailey   | Got the ring "Saifin" {+Fly}
  6671 | Bailey   | Identified the ring "Saifin" {+Fly Int+2 Stlth+} (You found
                  | it in a bailey)
  6709 | Bailey   | Killed an orc knight
  6753 | Bailey   | Identified the cursed +3 great sword of Irrepressible
                  | Laughter {pain, +Inv rC- rN+++}
  6848 | Bailey   | Identified the +9 long sword "Impslayer" {flame, rPois
                  | Str+3} (You found it in a bailey)
  7022 | D:8      | Noticed Gastronok
  7034 | D:8      | Killed Gastronok
  7034 | D:8      | Reached skill level 10 in Fighting
  7143 | D:8      | Paralysed by a hornet for 3 turns
  7302 | D:8      | Found a white marble altar of Elyvilon.
  7675 | D:9      | Reached XP level 11. HP: 91/91 MP: 12/12
  7681 | D:9      | Reached **** piety under Makhleb
  8463 | D:10     | Entered Level 10 of the Dungeon
  8555 | D:10     | Reached ***** piety under Makhleb
  8836 | D:10     | Found Omox Neq's Book Emporium.
  9114 | D:11     | Noticed a purple ugly thing
  9121 | D:11     | Killed a purple ugly thing
  9213 | D:11     | Reached skill level 11 in Fighting
  9232 | D:11     | Reached skill level 10 in Long Blades
  9240 | D:11     | Noticed a death yak
  9240 | D:11     | Noticed a death yak
  9240 | D:11     | Noticed a death yak
  9245 | D:11     | Killed an unseen horror
  9261 | D:11     | Killed a death yak
  9269 | D:11     | Killed a death yak
  9281 | D:11     | Killed a death yak
  9365 | D:11     | Killed an unseen horror
  9365 | D:11     | Gained mutation: You have claws for hands. [demonic
                  | ancestry]
  9365 | D:11     | Reached XP level 12. HP: 95/101 MP: 13/13
  9376 | D:11     | Found a staircase to the Lair.
  9507 | D:11     | Found a basalt altar of Yredelemnul.
  9793 | Lair:1   | Entered Level 1 of the Lair of Beasts
  9879 | Lair:1   | Identified a scroll of acquirement
  9996 | Lair:1   | Found a frozen archway.
 10027 | IceCv    | Entered an ice cave
 10058 | IceCv    | Reached skill level 12 in Fighting
 10192 | IceCv    | HP: 5/102 [ice beast[an ice statue] (14)]
 10672 | IceCv    | Killed from afar by an ice statue

Vault maps used:
D:1:      dpeg_arrival_signposts
D:2:      uniq_terence
D:3:      cheibriados_altar_1, nicolae_ashenzari_panopticon, first_ration,
          uniq_sigmund, uniq_robin
D:4:      minmay_temple_entry_large_hall, enter_ossuary_4
D:5:      basic_altar
D:6:      uniq_pikel, uniq_blork_the_orc
D:7:      minmay_overflow_temple_star_quad, kennysheep_little_box, uniq_menkaure
D:8:      kennysheep_mini_moat, enter_bailey_3, serial_shops, shop,
          grunt_ministairs_5, hangedman_pestilent_swarm, uniq_gastronok,
          uniq_erica
D:10:     serial_shops, nicolae_shop_trees
D:11:     dpeg_lair_monsters, basic_altar
Temple:   regret_index_temple_waves
Lair:1:   beast_lair_carwin_large_2, portal_ice_cave_entry_imps,
          grunt_megastairs_4
Ossuary:  ossuary_due_pyramid
Bailey:   bailey_axe_4, bailey
IceCv:    ice_cave_tombish

Skill      XL: |  1  2  3  4  5  6  7  8  9 10 11 12 |
---------------+-------------------------------------+-----
Long Blades    | 2 3 4 5 6 8 9 10 11 | 11.0
Armour         | 3 4 5 6 7 8 |  8.1
Shields        | 3 4 5 6 7 8 |  8.2
Fighting       | 4 5 6 7 9 10 11 12 | 12.1

Action                   |  1- 3 |  4- 6 |  7- 9 | 10-12 || total
-------------------------+-------+-------+-------+-------++-------
Melee: Long sword        |   115 |   233 |   423 |   458 ||  1229
       Bite              |     6 |    33 |    66 |    88 ||   193
       Scimitar          |       |       |       |   103 ||   103
 Abil: Evoke Flight      |       |       |       |     1 ||     1
Evoke: Wand              |       |       |     9 |     1 ||    10
  Use: Potion            |     5 |     2 |     9 |     1 ||    17
       Scroll            |     3 |     2 |    14 |     8 ||    27
  Eat: Chunk             |     2 |     5 |     9 |    14 ||    30
       Ration            |       |       |     1 |       ||     1
Armor: Scale mail        |    68 |    92 |   225 |   162 ||   547
Dodge: Dodged            |    45 |    47 |   227 |   230 ||   549
Block: Shield            |    69 |   116 |   265 |   325 ||   775
       Rpst.: Long sword |    13 |    14 |    54 |    35 ||   116
       Scimitar          |       |       |       |    13 ||    13

Table legend:
 A = Non-vault XP
 B = Vault XP
 C = Vault XP percentage of total XP
 D = Non-vault monster count
 E = Vault monster count
 F = Vault count percentage of total count
                 A         B        C        D         E       F
            +---------+---------+-------+---------+---------+-------
      Total |   13885 |   12743 |  47.9 |     222 |     131 |  37.1
            +---------+---------+-------+---------+---------+-------
        D:1 |      40 |       0 |   0.0 |      23 |       0 |   0.0
        D:2 |       9 |      36 |  80.0 |       7 |       1 |  12.5
        D:3 |     144 |     257 |  64.1 |      19 |      13 |  40.6
        D:4 |     184 |       2 |   1.1 |      10 |       2 |  16.7
        D:5 |     421 |       0 |   0.0 |       9 |       0 |   0.0
        D:6 |    1106 |     684 |  38.2 |      21 |       2 |   8.7
        D:7 |    1310 |       0 |   0.0 |      23 |       0 |   0.0
        D:8 |    1042 |    3988 |  79.3 |      21 |      19 |  47.5
        D:9 |    2105 |       0 |   0.0 |      38 |       0 |   0.0
       D:10 |     961 |       0 |   0.0 |      17 |       0 |   0.0
       D:11 |    5493 |    3401 |  38.2 |      27 |       7 |  20.6
     Lair:1 |    1070 |     123 |  10.3 |       7 |      12 |  63.2
    Ossuary |       0 |     121 | 100.0 |       0 |      33 | 100.0
     Bailey |       0 |    1588 | 100.0 |       0 |      26 | 100.0
      IceCv |       0 |    2543 | 100.0 |       0 |      16 | 100.0
            +---------+---------+-------+---------+---------+-------
